 Dungeon Crawl Stone Soup version 0.31-a0-538-gbc85326fa9 (webtiles) character file.

Game seed: 8599534619140404116

195 arthad the Shield-Bearer (level 6, -5/49 HPs)
             Began as a Formicid Fighter on Aug 13, 2023.
             Slain by Menkaure (7 damage)
             ... on level 4 of the Dungeon.
             The game lasted 00:04:38 (2037 turns).

arthad the Shield-Bearer (Formicid Fighter)         Turns: 2037, Time: 00:04:38

Health: -5/49      AC:  9    Str: 22    XL:     6   Next: 4%
Magic:  6/6        EV:  9    Int:  8    God:
Gold:   93         SH:  6    Dex: 13    Spells: 5/5 levels left

rFire   . . .        a - +0 war axe
rCold   . . .        c - +1 buckler
rNeg    . . .        b - +0 scale mail
rPois   .            (helmet unavailable)
rElec   .            j - +0 cloak
rCorr   .            g - +0 pair of gloves
SInv    +            (no boots)
Will    .....        (no amulet) Stlth
                     (no ring)
HPRegen 0.28/turn    (no ring)
MPRegen 0.10/turn

%: no passive effects
@: no status effects
A: permanent stasis, dig shafts and tunnels, antennae 3, four strong arms
a: Dig, Shaft Self


You were on level 4 of the Dungeon.
You visited 1 branch of the dungeon, and saw 4 of its levels.

You collected 109 gold pieces.
You spent 16 gold pieces at shops.

Inventory:

Hand Weapons
 a - a +0 war axe (weapon)
Armour
 b - a +0 scale mail (worn)
 c - a +1 buckler (worn)
 g - a +0 pair of gloves (worn)
 j - a +0 cloak (worn)
Scrolls
 e - 5 scrolls of teleportation
 f - a scroll of poison
 h - a scroll of enchant weapon
 k - a scroll of revelation
Potions
 d - a potion of might


   Skills:
 + Level 4.4 Fighting
 + Level 3.2 Axes
 + Level 4.3 Armour
 + Level 5.3 Shields


You had 5 spell levels left.
You didn't know any spells.
Your spell library was empty.

Dungeon Overview and Level Annotations

Branches:
Dungeon (4/15)             Temple (0/1) D:4

Altars:
Makhleb
Qazlal

Shops:
D:3 ?   D:4 *

Annotations:
D:4 Menkaure


Innate Abilities, Weirdness & Mutations

You cannot be hasted, slowed, berserked, paralysed or teleported.
You can dig through walls and to a lower floor.
You have a pair of large antennae on your head. (SInv)
Your four strong arms can wield two-handed weapons with a shield.


Message History

You are too injured to fight recklessly!
You are too injured to fight recklessly!
You are too injured to fight recklessly!
You slash the orc!
You kill the orc!
You closely miss the orc. You hit the orc but do no damage.
You block the orc's attack. The orc hits you with a +0 whip.
You slash the orc!
You kill the orc!
You barely miss the orc. The orc hits you but does no damage.
The orc closely misses you.
You hit the orc but do no damage.
The orc is heavily wounded.
Menkaure casts a spell.
Menkaure seems to speed up.
The orc hits you with a +0 mace.
You hit the orc.
You kill the orc!
Menkaure hits you!
* * * LOW HITPOINT WARNING * * *
It was a potion of curing.
You feel better. Menkaure hits you.
* * * LOW HITPOINT WARNING * * *
You hit Menkaure.
Menkaure is lightly damaged.
Menkaure points at you and mumbles some strange words.
You struggle to resist.
Menkaure gestures at you while chanting.
Pain shoots through your body!
* * * LOW HITPOINT WARNING * * *
You barely miss Menkaure.
Menkaure is lightly damaged.
You block Menkaure's attack.
As you read the scroll labelled KUATTAA HIOJ, it crumbles to dust.
It is a scroll of enchant armour.
Your +0 buckler glows green for a moment.
Menkaure calls on the powers of darkness!
You feel a surge of unholy energy.
You slash Menkaure!
Menkaure is almost destroyed.
Menkaure hits you!
You die...

,,,,,,,,,,...#∩...∩#....#.,**8,,8
****,,,,,,...##...##....#.,+,,,,,
*,,,,,,,#......####+##.,*,,**,
**,,,,,*#...........(#.,******
*,,,,,*#............#.,,*,,,,
*,,,,,*#####........#,,,*,,,,
******* #........#,,*****+
#........#,,**,,,,
******#@M......#,,,*,,,,
#...[.)[)......#,,,+,,**
*********#.#####........#********
*,,,,,,,,,,,,,,..........,,,,,,,,
*,********,***..........#********
*,*,,,,,,,,,,,...........,,,,,,,,
*,*,*****,,,*#..........#*******,
*,*,,,,,*,,,,...>.......* *,
,,,,,,,,*,,,,*,,,,,,,,,,* *,


You could see Menkaure (fast).

Vanquished Creatures
  Jessica (D:2)
  Terence (D:2)
  Robin (D:2)
  3 gnolls (D:3)
  2 adders (D:2)
  A worm (D:3)
  A dart slug (D:1)
  5 orcs (D:4)
  6 ball pythons
  10 bats
  4 endoplasms
  3 giant cockroaches
  10 goblins
  9 hobgoblins
  3 quokkas
  4 frilled lizards
  7 kobolds
  6 rats
77 creatures vanquished.

Notes
Turn   | Place    | Note
-------+----------+-------------------------------------------
     0 | D:1      | arthad the Formicid Fighter began the quest for the Orb.
     0 | D:1      | Reached XP level 1. HP: 18/18 MP: 1/1
    36 | D:1      | Reached XP level 2. HP: 20/24 MP: 2/2
   355 | D:1      | Reached XP level 3. HP: 29/29 MP: 3/3
   947 | D:2      | Noticed Terence
   951 | D:2      | Killed Terence
   952 | D:2      | Reached XP level 4. HP: 32/37 MP: 4/4
  1052 | D:2      | Noticed Robin
  1066 | D:2      | Killed Robin
  1067 | D:2      | Reached XP level 5. HP: 28/42 MP: 5/5
  1260 | D:2      | Found a stormy altar of Qazlal.
  1260 | D:2      | Noticed Jessica
  1265 | D:2      | Killed Jessica
  1266 | D:2      | Reached skill level 5 in Shields
  1408 | D:3      | Found a faded altar of an unknown god.
  1422 | D:3      | Found Amnusm's Magic Scroll Emporium.
  1464 | D:3      | Found a burning altar of Makhleb.
  2004 | D:4      | Found Jubbyj's CLEARANCE SALE!.
  2009 | D:4      | Bought a scroll of identify for 16 gold pieces
  2024 | D:4      | Noticed Menkaure
  2027 | D:4      | Reached XP level 6. HP: 44/49 MP: 6/6
  2034 | D:4      | HP: 1/49 [Menkaure/nerve-wracking pain (10)]
  2037 | D:4      | Slain by Menkaure

Illustrated notes

Levels and vault maps discovered:
D:1:      pf_arrival_petrified_forest, layout_basic, kennysheep_boxes
D:2:      layout_rooms, basic_altar, uniq_jessica, uniq_robin, uniq_terence
D:3:      layout_loops_cross, mainiacjoe_overflow_chevrons,
          dreamdust_ecumenical_altar_grove, serial_shops, shop
D:4:      minmay_chambers_of_twos, layout_basic, minmay_temple_entry_waves,
          nicolae_ossuary_entry_plus, nicolae_shop_clearance, uniq_eustachio,
          uniq_menkaure, uniq_natasha, uniq_sigmund

Skill      XL: |  1  2  3  4  5 |
---------------+----------------+-----
Fighting       | 4 |  4.4
Armour         | 4 |  4.3
Axes           | 3 |  3.2
Shields        | 5 |  5.3

Action                     |  1- 3 |  4- 6 || total
---------------------------+-------+-------++-------
  Melee: War axe           |    93 |   113 ||   206
    Use: Scroll            |       |     6 ||     6
         Potion            |       |     1 ||     1
 Armour: Scale mail        |    53 |    61 ||   114
  Dodge: Dodged            |    49 |    61 ||   110
  Block: Buckler           |    31 |    42 ||    73

Table legend: (Time is in decaauts)
 A = Elapsed time spent in this place.
 B = Non-inter-level travel time spent in this place.
 C = Inter-level travel time spent in this place.
 D = Time resting spent in this place.
 E = Time spent auto-exploring this place.
 F = Levels seen in this place.
 G = Mean time per level.
                   A        B        C        D        E       F      G
               +--------+--------+--------+--------+--------+-----+--------+
         Total |   2117 |   2064 |     53 |      0 |   1505 |   4 |  529.2 |
       Dungeon |   2117 |   2064 |     53 |      0 |   1505 |   4 |  529.2 |
               +--------+--------+--------+--------+--------+-----+--------+

Top non-repeatable levels by time:
     D:1: 970 daAuts
     D:3: 611 daAuts
     D:2: 488 daAuts
     D:4: 46 daAuts
